General information
- name: BNet
- type: Ladder team game (AT/RT)
- host: Battle.net
- saver: u4lliki
map: Sanctuary_LV
- players: 8
- length: 62:30
- speed: Fast
- version: 1.29 W3XP
- replay type: Public
» download(660 KB)
Players
team 1 (winner)

»
A&R (
green | 93 APM | 4996 actions | 53:53)
10 Goblin Tinker
3 Pocket Factory
3 Engineering Upgrade
1 Robo-Goblin
3 Cluster Rockets
3 Keeper of the Grove
2 Entangling Roots
1 Thorns Aura
» actions
| Assign group hotkey | 51 | |
| Basic commands | 246 | |
| Build / train | 141 | |
| ESC pressed | 7 | |
| Enter build submenu | 23 | |
| Enter hero's abilities submenu | 15 | |
| Give item / drop item | 6 | |
| Remove unit from queue | 3 | |
| Right click | 2162 | |
| Select / deselect | 1136 | |
| Select group hotkey | 1060 | |
| Use ability | 142 | |
4996 total
» units
| Wisp | 21 | |
| Archer | 17 | |
| Hippogryph | 40 | |
| Goblin Zeppelin | 1 | |
79 total
» upgrades
| Hippogryph Taming | 1 | |
| Strength of the Moon | 2 | |
| Moon Armor | 2 | |
| Marksmanship | 1 | |
| Improved Bows | 2 | |
| Strength of the Wild | 3 | |
| Reinforced Hides | 3 | |
| Nature's Blessing | 1 | |
15 total
» buildings
| Ancient of War | 2 | |
| Moon Well | 8 | |
| Altar of Elders | 1 | |
| Tree of Ages | 2 | |
| Ancient of Wonders | 1 | |
| Hunter's Hall | 1 | |
| Tree of Life | 2 | |
| Tree of Eternity | 2 | |
| Ancient of Wind | 2 | |
21 total
» build order
00:08 Ancient of War
00:19 Moon Well
01:02 Altar of Elders
01:47 Moon Well
03:07 Tree of Ages
03:07 Tree of Ages
03:18 Ancient of Wonders
03:31 Hunter's Hall
04:21 Moon Well
04:47 Moon Well
04:51 Tree of Life
05:46 Tree of Eternity
05:46 Tree of Eternity
06:22 Ancient of Wind
06:26 Ancient of Wind
09:40 Ancient of War
11:57 Moon Well
12:50 Moon Well
17:27 Moon Well
19:51 Moon Well
29:13 Tree of Life
» items
| Moonstone | 2 | |
| Scroll of Regeneration | 6 | |
| Lesser Clarity Potion | 1 | |
| Orb of Venom | 1 | |
| Scroll of Town Portal | 7 | |
| Anti-magic Potion | 3 | |
20 total

»
Iridesence (
pink | 63 APM | 3912 actions | 62:30)
6 Firelord
3 Summon Lava Spawn
2 Incinerate
1 Volcano
4 Pit Lord
2 Rain of Fire
2 Howl of Terror
» actions
| Assign group hotkey | 19 | |
| Basic commands | 3 | |
| Build / train | 112 | |
| Enter build submenu | 47 | |
| Enter hero's abilities submenu | 11 | |
| Give item / drop item | 1 | |
| Remove unit from queue | 9 | |
| Right click | 2839 | |
| Select / deselect | 731 | |
| Select group hotkey | 15 | |
| Use ability | 122 | |
3912 total
» units
| Peasant | 30 | |
| Footman | 11 | |
| Forest Troll High Priest | 1 | |
| Spell Breaker | 5 | |
| Knight | 9 | |
| Priest | 2 | |
| Rifleman | 5 | |
63 total
» upgrades
| Lumber Harvesting | 2 | |
| Swords | 2 | |
| Control Magic | 1 | |
| Plating | 2 | |
| Flak Cannons | 0 | |
| Barrage | 1 | |
| Gunpowder | 2 | |
| Priest Training | 1 | |
11 total
» buildings
| Altar of Kings | 3 | |
| Farm | 16 | |
| Barracks | 4 | |
| Scout Tower | 7 | |
| Lumber Mill | 2 | |
| Arcane Tower | 3 | |
| Town Hall | 7 | |
| Blacksmith | 1 | |
| Keep | 3 | |
| Arcane Vault | 1 | |
| Arcane Sanctum | 2 | |
| Castle | 1 | |
| Workshop | 2 | |
| Gryphon Aviary | 1 | |
53 total
» build order
00:24 Altar of Kings
00:38 Farm
01:06 Barracks
01:30 Farm
02:02 Scout Tower
02:12 Lumber Mill
02:28 Farm
03:12 Farm
03:13 Arcane Tower
04:41 Town Hall
04:45 Scout Tower
05:14 Blacksmith
06:09 Keep
07:18 Arcane Tower
07:22 Arcane Vault
07:46 Farm
07:51 Farm
09:31 Arcane Sanctum
09:35 Arcane Sanctum
10:31 Castle
11:24 Barracks
15:47 Farm
15:50 Farm
15:52 Farm
16:09 Workshop
17:27 Workshop
21:08 Farm
21:09 Farm
21:09 Farm
22:25 Town Hall
29:16 Town Hall
32:32 Altar of Kings
33:12 Town Hall
34:14 Farm
35:54 Town Hall
36:56 Scout Tower
36:57 Scout Tower
36:58 Scout Tower
36:59 Scout Tower
37:00 Scout Tower
38:03 Altar of Kings
38:35 Arcane Tower
40:42 Keep
41:21 Lumber Mill
41:26 Barracks
41:28 Farm
41:40 Town Hall
42:13 Farm
43:03 Barracks
43:06 Gryphon Aviary
44:30 Keep
44:37 Farm
48:42 Town Hall
» items
| Scroll of Town Portal | 5 | |
| Potion of Mana | 2 | |
| Potion of Healing | 3 | |
10 total
TheGodlyKorean (
red | 101 APM | 1863 actions | 18:22)
4 Blademaster
2 Wind Walk
2 Critical Strike
3 Tauren Chieftain
1 War Stomp
2 Endurance Aura
» actions
| Assign group hotkey | 86 | |
| Basic commands | 93 | |
| Build / train | 86 | |
| ESC pressed | 2 | |
| Enter build submenu | 24 | |
| Enter hero's abilities submenu | 7 | |
| Give item / drop item | 6 | |
| Remove unit from queue | 2 | |
| Right click | 787 | |
| Select / deselect | 402 | |
| Select group hotkey | 265 | |
| Use ability | 103 | |
1863 total
» units
| Peon | 21 | |
| Grunt | 5 | |
| Raider | 2 | |
| Kodo Beast | 2 | |
| Wind Rider | 1 | |
| Shaman | 4 | |
| Troll Batrider | 9 | |
44 total
» upgrades
| Berserker Strength | 1 | |
| Pillage | 1 | |
| Ensnare | 1 | |
| Shaman Training | 2 | |
| Armor | 2 | |
| Melee Weapons | 1 | |
| Spiked Barricades | 0 | |
| Reinforced Defenses | 1 | |
9 total
» buildings
| Altar of Storms | 3 | |
| Orc Burrow | 11 | |
| Voodoo Lounge | 1 | |
| Barracks | 1 | |
| Stronghold | 1 | |
| Great Hall | 1 | |
| Beastiary | 2 | |
| Spirit Lodge | 1 | |
| War Mill | 1 | |
| Fortress | 1 | |
| Watch Tower | 2 | |
25 total
» build order
00:03 Altar of Storms
00:05 Altar of Storms
00:06 Altar of Storms
00:18 Orc Burrow
00:47 Voodoo Lounge
01:18 Barracks
01:49 Orc Burrow
03:45 Stronghold
04:19 Orc Burrow
05:36 Great Hall
06:10 Beastiary
06:50 Orc Burrow
07:45 Spirit Lodge
08:03 Beastiary
08:11 War Mill
09:21 Fortress
11:09 Orc Burrow
11:38 Orc Burrow
11:52 Watch Tower
12:30 Orc Burrow
15:40 Orc Burrow
16:00 Orc Burrow
16:03 Orc Burrow
16:07 Orc Burrow
17:30 Watch Tower
» items
| Healing Salve | 5 | |
| Lesser Clarity Potion | 1 | |
| Potion of Healing | 1 | |
| Scroll of Speed | 1 | |
| Boots of Speed | 1 | |
| Scroll of Healing | 1 | |
| Orb of Lightning | 1 | |
| Scroll of Town Portal | 2 | |
13 total
u4lliki (
teal | 117 APM | 7307 actions | 62:30)
7 Archmage
3 Summon Water Elemental
3 Brilliance Aura
1 Mass Teleport
5 Mountain King
3 Storm Bolt
2 Bash
9 Goblin Alchemist
3 Healing Spray
3 Chemical Rage
2 Acid Bomb
1 Transmute
» actions
| Assign group hotkey | 126 | |
| Basic commands | 394 | |
| Build / train | 232 | |
| ESC pressed | 4 | |
| Enter build submenu | 70 | |
| Enter hero's abilities submenu | 20 | |
| Give item / drop item | 20 | |
| Right click | 2431 | |
| Select / deselect | 1210 | |
| Select group hotkey | 2342 | |
| Use ability | 458 | |
7307 total
» units
| Peasant | 13 | |
| Footman | 4 | |
| Rifleman | 25 | |
| Goblin Shredder | 1 | |
| Priest | 10 | |
| Sorceress | 13 | |
| Spell Breaker | 7 | |
| Gryphon Rider | 1 | |
74 total
» upgrades
| Gunpowder | 3 | |
| Armor | 3 | |
| Masonry | 3 | |
| Long Rifles | 1 | |
| Priest Training | 2 | |
| Sorceress Training | 2 | |
| Backpack | 2 | |
| Swords | 3 | |
| Plating | 3 | |
| Control Magic | 1 | |
| Magic Sentry | 1 | |
| Animal War Training | 1 | |
| Defend | 1 | |
| Storm Hammers | 1 | |
| Cloud | 1 | |
| Lumber Harvesting | 1 | |
29 total
» buildings
| Altar of Kings | 1 | |
| Barracks | 2 | |
| Farm | 11 | |
| Arcane Vault | 2 | |
| Blacksmith | 1 | |
| Keep | 2 | |
| Town Hall | 4 | |
| Scout Tower | 36 | |
| Arcane Tower | 11 | |
| Castle | 2 | |
| Lumber Mill | 1 | |
| Arcane Sanctum | 2 | |
| Gryphon Aviary | 2 | |
| Guard Tower | 44 | |
121 total
» build order
00:49 Altar of Kings
00:59 Barracks
01:10 Farm
01:19 Farm
01:26 Farm
02:05 Arcane Vault
02:19 Farm
02:23 Blacksmith
03:40 Keep
03:40 Keep
05:05 Town Hall
05:06 Scout Tower
05:09 Farm
05:35 Arcane Tower
06:51 Castle
06:52 Castle
06:57 Scout Tower
07:01 Lumber Mill
07:52 Arcane Tower
07:52 Arcane Tower
08:26 Arcane Sanctum
08:26 Arcane Sanctum
09:27 Farm
09:47 Gryphon Aviary
09:51 Gryphon Aviary
10:20 Scout Tower
10:21 Scout Tower
10:22 Scout Tower
10:28 Scout Tower
10:28 Scout Tower
10:29 Scout Tower
10:56 Guard Tower
10:57 Guard Tower
10:57 Guard Tower
10:57 Guard Tower
11:01 Guard Tower
11:01 Guard Tower
11:02 Guard Tower
11:03 Guard Tower
11:24 Guard Tower
11:37 Scout Tower
11:38 Scout Tower
12:17 Guard Tower
12:17 Guard Tower
12:34 Farm
12:34 Farm
12:59 Farm
15:25 Farm
21:06 Farm
21:09 Scout Tower
21:15 Scout Tower
21:16 Scout Tower
21:48 Guard Tower
21:48 Guard Tower
21:48 Guard Tower
21:49 Guard Tower
22:20 Guard Tower
22:21 Guard Tower
27:57 Town Hall
28:04 Scout Tower
28:04 Scout Tower
28:06 Scout Tower
28:07 Scout Tower
28:34 Arcane Tower
28:34 Arcane Tower
28:35 Guard Tower
28:35 Guard Tower
28:52 Guard Tower
28:52 Guard Tower
29:15 Scout Tower
29:16 Scout Tower
29:18 Scout Tower
29:21 Scout Tower
29:26 Scout Tower
29:42 Guard Tower
29:42 Guard Tower
29:43 Guard Tower
29:43 Guard Tower
29:49 Scout Tower
29:51 Guard Tower
29:51 Guard Tower
30:07 Guard Tower
30:07 Guard Tower
30:18 Arcane Tower
30:18 Arcane Tower
30:19 Guard Tower
30:19 Guard Tower
30:44 Arcane Vault
33:04 Scout Tower
33:06 Scout Tower
34:50 Scout Tower
34:52 Scout Tower
34:59 Scout Tower
35:02 Scout Tower
35:40 Arcane Tower
35:41 Guard Tower
35:41 Guard Tower
35:51 Town Hall
35:54 Scout Tower
35:55 Scout Tower
35:56 Scout Tower
36:01 Scout Tower
36:30 Guard Tower
36:31 Guard Tower
36:32 Arcane Tower
36:32 Arcane Tower
36:33 Guard Tower
36:33 Guard Tower
36:35 Guard Tower
36:35 Guard Tower
36:58 Guard Tower
36:58 Guard Tower
42:25 Barracks
44:40 Town Hall
44:41 Scout Tower
44:43 Scout Tower
44:45 Scout Tower
45:07 Arcane Tower
45:09 Guard Tower
45:09 Guard Tower
45:54 Guard Tower
» items
| Scroll of Regeneration | 4 | |
| Mechanical Critter | 1 | |
| Healing Salve | 1 | |
| Boots of Speed | 2 | |
| Scroll of Town Portal | 4 | |
| Staff of Sanctuary | 2 | |
| Orb of Venom | 1 | |
| Potion of Healing | 1 | |
| Orb of Lightning | 1 | |
| Tiny Great Hall | 1 | |
| Lesser Clarity Potion | 1 | |
| Tome of Retraining | 1 | |
| Periapt of Vitality | 4 | |
| Scroll of Protection | 1 | |
| Potion of Lesser Invulnerability | 2 | |
| Staff of Teleportation | 2 | |
29 total
team 2 (loser)
Iconless (
blue | 41 APM | 2558 actions | 62:30)
8 Death Knight
3 Death Coil
3 Unholy Aura
1 Animate Dead
1 Death Pact
» actions
| Assign group hotkey | 39 | |
| Basic commands | 146 | |
| Build / train | 86 | |
| Enter build submenu | 23 | |
| Enter hero's abilities submenu | 8 | |
| Give item / drop item | 2 | |
| Remove unit from queue | 4 | |
| Right click | 1371 | |
| Select / deselect | 399 | |
| Select group hotkey | 388 | |
| Use ability | 92 | |
2558 total
» units
| Acolyte | 7 | |
| Ghoul | 5 | |
| Crypt Fiend | 6 | |
| Frost Wyrm | 24 | |
| Gargoyle | 18 | |
60 total
» upgrades
| Creature Carapace | 3 | |
| Web | 1 | |
| Creature Attack | 2 | |
| Freezing Breath | 1 | |
7 total
» buildings
| Ziggurat | 9 | |
| Crypt | 1 | |
| Graveyard | 1 | |
| Altar of Darkness | 1 | |
| Halls of the Dead | 1 | |
| Black Citadel | 1 | |
| Sacrificial Pit | 1 | |
| Tomb of Relics | 1 | |
| Boneyard | 2 | |
18 total
» build order
00:07 Ziggurat
00:12 Crypt
00:39 Graveyard
01:02 Altar of Darkness
01:39 Ziggurat
03:19 Halls of the Dead
03:32 Ziggurat
05:11 Ziggurat
05:52 Black Citadel
06:38 Sacrificial Pit
07:39 Ziggurat
08:08 Tomb of Relics
08:22 Boneyard
08:26 Boneyard
08:51 Ziggurat
11:19 Ziggurat
19:06 Ziggurat
19:09 Ziggurat
» items
| Potion of Healing | 2 | |
| Scroll of Town Portal | 1 | |
3 total
Snow.bird (
orange | 147 APM | 5769 actions | 39:21)
8 Goblin Tinker
2 Pocket Factory
3 Engineering Upgrade
2 Cluster Rockets
1 Robo-Goblin
6 Pandaren Brewmaster
3 Breath of Fire
2 Drunken Haze
1 Storm Earth and Fire
4 Priestess of the Moon
2 Trueshot Aura
2 Scout
» actions
| Assign group hotkey | 70 | |
| Basic commands | 75 | |
| Build / train | 146 | |
| ESC pressed | 3 | |
| Enter build submenu | 40 | |
| Enter hero's abilities submenu | 18 | |
| Give item / drop item | 22 | |
| Right click | 3039 | |
| Select / deselect | 1262 | |
| Select group hotkey | 740 | |
| Use ability | 354 | |
5769 total
» units
| Wisp | 35 | |
| Archer | 19 | |
| Goblin Shredder | 2 | |
| Hippogryph | 12 | |
68 total
» upgrades
| Improved Bows | 1 | |
| Nature's Blessing | 1 | |
| Ultravision | 1 | |
| Well Spring | 1 | |
| Hippogryph Taming | 1 | |
| Marksmanship | 1 | |
| Strength of the Moon | 3 | |
| Moon Armor | 3 | |
12 total
» buildings
| Ancient of War | 3 | |
| Moon Well | 16 | |
| Altar of Elders | 2 | |
| Tree of Ages | 2 | |
| Tree of Life | 5 | |
| Hunter's Hall | 1 | |
| Tree of Eternity | 2 | |
| Ancient of Wind | 2 | |
| Ancient of Wonders | 2 | |
| Ancient Protector | 4 | |
39 total
» build order
00:20 Ancient of War
00:24 Moon Well
01:13 Altar of Elders
01:28 Moon Well
02:52 Tree of Ages
02:52 Tree of Ages
03:35 Moon Well
04:16 Tree of Life
05:03 Hunter's Hall
05:17 Tree of Life
05:53 Tree of Eternity
05:53 Tree of Eternity
08:10 Ancient of Wind
08:13 Ancient of War
08:14 Ancient of Wind
08:26 Ancient of War
09:14 Ancient of Wonders
09:15 Ancient of Wonders
10:51 Moon Well
10:53 Moon Well
15:31 Moon Well
15:33 Moon Well
17:29 Moon Well
17:30 Moon Well
20:28 Moon Well
20:29 Moon Well
20:38 Tree of Life
20:41 Ancient Protector
20:41 Ancient Protector
20:42 Ancient Protector
20:44 Ancient Protector
22:25 Tree of Life
27:24 Altar of Elders
27:26 Moon Well
27:27 Moon Well
27:29 Moon Well
28:22 Moon Well
28:33 Moon Well
31:05 Tree of Life
» items
| Tome of Retraining | 1 | |
| Scroll of Healing | 5 | |
| Potion of Lesser Invulnerability | 3 | |
| Orb of Venom | 3 | |
| Staff of Preservation | 2 | |
| Staff of Teleportation | 1 | |
| Circlet of Nobility | 1 | |
| Boots of Speed | 1 | |
| Scroll of Town Portal | 3 | |
| Moonstone | 3 | |
| Lesser Clarity Potion | 3 | |
| Scroll of Protection | 2 | |
| Potion of Mana | 1 | |
| Anti-magic Potion | 1 | |
| Scroll of Regeneration | 1 | |
| Potion of Healing | 1 | |
32 total
WingsRedemption (
yellow | 77 APM | 4819 actions | 62:30)
10 Archmage
3 Summon Water Elemental
3 Brilliance Aura
1 Mass Teleport
3 Blizzard
» actions
| Assign group hotkey | 70 | |
| Basic commands | 347 | |
| Build / train | 124 | |
| Enter build submenu | 66 | |
| Enter hero's abilities submenu | 10 | |
| Give item / drop item | 10 | |
| Remove unit from queue | 1 | |
| Right click | 1539 | |
| Select / deselect | 556 | |
| Select group hotkey | 1875 | |
| Use ability | 220 | |
4819 total
» units
| Peasant | 12 | |
| Footman | 4 | |
| Goblin Shredder | 2 | |
| Gryphon Rider | 18 | |
| Goblin Zeppelin | 3 | |
| Goblin Sapper | 16 | |
55 total
» upgrades
| Masonry | 3 | |
| Swords | 3 | |
| Armor | 3 | |
| Animal War Training | 1 | |
| Storm Hammers | 1 | |
| Cloud | 1 | |
12 total
» buildings
| Altar of Kings | 1 | |
| Barracks | 1 | |
| Farm | 13 | |
| Scout Tower | 51 | |
| Arcane Tower | 2 | |
| Arcane Vault | 1 | |
| Keep | 1 | |
| Lumber Mill | 1 | |
| Town Hall | 5 | |
| Castle | 1 | |
| Gryphon Aviary | 4 | |
| Blacksmith | 2 | |
| Guard Tower | 14 | |
97 total
» build order
00:50 Altar of Kings
00:52 Barracks
00:54 Farm
00:57 Farm
01:05 Farm
01:31 Scout Tower
02:18 Arcane Tower
02:40 Arcane Vault
03:36 Keep
03:44 Lumber Mill
03:50 Farm
04:33 Town Hall
06:05 Castle
07:56 Gryphon Aviary
07:56 Gryphon Aviary
07:57 Gryphon Aviary
07:58 Gryphon Aviary
08:08 Blacksmith
08:11 Blacksmith
08:16 Farm
08:16 Farm
08:45 Scout Tower
08:46 Scout Tower
08:48 Scout Tower
08:48 Scout Tower
08:49 Scout Tower
10:01 Guard Tower
11:53 Arcane Tower
12:07 Scout Tower
12:07 Scout Tower
12:10 Scout Tower
12:10 Scout Tower
12:10 Scout Tower
12:11 Scout Tower
13:15 Guard Tower
13:18 Guard Tower
14:08 Guard Tower
15:44 Farm
15:45 Farm
15:49 Farm
15:50 Farm
15:50 Farm
15:50 Farm
16:24 Farm
17:49 Scout Tower
17:49 Scout Tower
17:49 Scout Tower
17:50 Scout Tower
17:50 Scout Tower
19:11 Guard Tower
23:56 Town Hall
23:59 Town Hall
24:01 Scout Tower
24:02 Scout Tower
24:03 Scout Tower
24:03 Scout Tower
24:04 Scout Tower
24:05 Scout Tower
24:05 Scout Tower
24:05 Scout Tower
24:11 Town Hall
24:12 Scout Tower
24:13 Scout Tower
24:13 Scout Tower
24:13 Scout Tower
24:15 Scout Tower
24:15 Scout Tower
24:15 Scout Tower
24:17 Scout Tower
24:37 Guard Tower
24:46 Guard Tower
24:54 Scout Tower
24:54 Scout Tower
24:55 Scout Tower
24:56 Scout Tower
24:57 Scout Tower
24:58 Scout Tower
25:03 Guard Tower
25:09 Guard Tower
26:34 Guard Tower
26:53 Guard Tower
28:18 Town Hall
28:20 Scout Tower
28:20 Scout Tower
28:21 Scout Tower
28:21 Scout Tower
28:22 Scout Tower
28:22 Scout Tower
28:23 Scout Tower
28:23 Scout Tower
29:20 Guard Tower
29:58 Guard Tower
31:08 Scout Tower
31:09 Scout Tower
31:12 Scout Tower
31:13 Scout Tower
36:57 Guard Tower
» items
| Scroll of Regeneration | 8 | |
| Mechanical Critter | 4 | |
| Staff of Sanctuary | 1 | |
| Scroll of Town Portal | 6 | |
| Potion of Healing | 5 | |
| Staff of Teleportation | 1 | |
| Periapt of Vitality | 1 | |
| Potion of Lesser Invulnerability | 1 | |
27 total

»
BigSlick-AK (
purple | 36 APM | 2271 actions | 62:30)
7 Death Knight
3 Death Coil
1 Unholy Aura
2 Death Pact
1 Animate Dead
6 Lich
3 Frost Nova
2 Frost Armor
1 Death and Decay
5 Crypt Lord
2 Impale
3 Carrion Beetles
» actions
| Assign group hotkey | 29 | |
| Basic commands | 166 | |
| Build / train | 125 | |
| Enter build submenu | 26 | |
| Enter hero's abilities submenu | 18 | |
| Give item / drop item | 3 | |
| Right click | 651 | |
| Select / deselect | 340 | |
| Select group hotkey | 823 | |
| Use ability | 90 | |
2271 total
» units
| Acolyte | 13 | |
| Ghoul | 4 | |
| Crypt Fiend | 17 | |
| Forest Troll High Priest | 1 | |
| Frost Wyrm | 11 | |
| Gargoyle | 29 | |
75 total
» upgrades
| Creature Attack | 3 | |
| Creature Carapace | 3 | |
| Web | 1 | |
| Freezing Breath | 1 | |
8 total
» buildings
| Ziggurat | 9 | |
| Altar of Darkness | 1 | |
| Crypt | 3 | |
| Graveyard | 1 | |
| Tomb of Relics | 1 | |
| Halls of the Dead | 1 | |
| Nerubian Tower | 2 | |
| Black Citadel | 1 | |
| Sacrificial Pit | 1 | |
| Spirit Tower | 4 | |
| Boneyard | 2 | |
26 total
» build order
00:08 Ziggurat
00:52 Altar of Darkness
00:59 Crypt
01:06 Graveyard
01:18 Ziggurat
01:37 Tomb of Relics
03:06 Ziggurat
04:53 Ziggurat
06:50 Ziggurat
08:41 Halls of the Dead
09:01 Nerubian Tower
09:17 Nerubian Tower
10:09 Ziggurat
11:06 Black Citadel
11:09 Sacrificial Pit
11:20 Spirit Tower
11:23 Spirit Tower
11:37 Ziggurat
11:48 Ziggurat
12:28 Ziggurat
13:27 Boneyard
13:34 Boneyard
27:26 Crypt
28:18 Crypt
28:21 Spirit Tower
28:33 Spirit Tower
» items
| Rod of Necromancy | 1 | |
| Sacrificial Skull | 1 | |
| Scroll of Town Portal | 5 | |
| Orb of Corruption | 2 | |
| Scroll of Healing | 2 | |
| Potion of Mana | 1 | |
| Dust of Appearance | 1 | |
13 total
Chat log
(17:45 / Allies) Iridesence: getting tankjs
(17:50 / Allies) u4lliki: hit top
(17:51 / Allies) A&R: got hipps
(17:53 / Allies) A&R: its fine
(17:54 / Allies) u4lliki: elf has 2 expos
(17:59 / All) WingsRedemption: did they scout my expoa nd base before?
(21:00 / Allies) u4lliki: hit oj expos
(22:10 / All) WingsRedemption: so sick of tp not going thru sincen ew patch
(22:38 / All) Iridesence: what you mean?
(28:33 / All) A&R: Was fun :)
(30:17 / Allies) u4lliki: keep massing hippo
(30:23 / Allies) u4lliki: they have shitload of air
(32:20 / All) Snow.bird: owie
(35:22 / All) WingsRedemption: The life of a repo man is always intense
(35:36 / Allies) u4lliki: cancel that
(35:37 / Allies) u4lliki: I want it
(35:46 / Allies) u4lliki: ty
(35:57 / All) WingsRedemption: Just doing my job, ma'am
(36:11 / All) WingsRedemption: this win has been hereby repossessed by order of the Win Repo Men
(36:12 / Allies) A&R: spare gold?
(36:15 / Allies) A&R: gold pls
(36:19 / Allies) A&R: 200
(36:31 / Allies) A&R: ty
(38:55 / All) WingsRedemption: Sigh, gonna be another tough day at the office
(39:19 / All) Snow.bird: yes yes yes yellow very hilarious
(39:38 / All) Iridesence: ??
(39:47 / Allies) A&R: he knows
(39:49 / Allies) A&R: he has won
(39:53 / Allies) A&R: just trolling
(40:07 / Allies) Iridesence: teal get aa?
(40:42 / All) WingsRedemption: get level 6 tinker
(41:24 / All) u4lliki: ty
(41:52 / Allies) Iridesence: wood>
(41:53 / Allies) Iridesence: ?
(44:47 / All) WingsRedemption: How's the win repossessing treating you, teal? Been a rough day at the office for me
(45:51 / All) Iconless: i needed that dialogue
(45:55 / All) Iconless: thx buddy
(46:51 / All) WingsRedemption: Blue is some kind of snitch
(47:00 / All) Iconless: hacks@blizzard.com
(47:06 / All) Iconless: u both need to know that
(47:09 / All) Iconless: win trading
(47:10 / All) WingsRedemption: Hacks? No hacks here, ma'am
(47:13 / All) Iconless: violates the policy
(47:18 / All) Iconless: its 30secs for me
(47:19 / All) u4lliki: uh oh
(47:21 / All) WingsRedemption: I got all the proper identification, the paperwork is in order
(47:22 / All) u4lliki: we're getting reported
(47:23 / All) Iconless: just having dinner
(47:27 / All) Iconless: waiting for the replay to end
(47:32 / All) u4lliki: I think I paid 3 bux for this cd key from some chinese site
(47:35 / All) u4lliki: I'm worried about losing it
(47:37 / All) Iconless: dont care
(47:40 / All) Iconless: pay again =)
(47:46 / All) u4lliki: You obviously care a great deal
(47:50 / All) Iconless: just for the work
(47:56 / All) WingsRedemption: Look, if you got a problem with repossessing this win then take it up with my supervisor
(48:06 / All) Iconless: not at all
(48:09 / All) WingsRedemption: I'm just a grunt, I do the legwork, okay? I don't need to hear your sob st ories
(48:10 / All) Iconless: my team won tonight
(48:15 / All) u4lliki: we're not playing how he wants, WAHHHH
(48:19 / All) Iconless: its on round of 16
(48:23 / All) Iconless: which is cool
(48:28 / All) WingsRedemption: Okay lady, why don't you pack up your tackle box and take a hike, you softball dyke!
(48:39 / All) Iconless: just finish it
(48:45 / All) Iconless: u said u like the work day
(48:46 / Allies) A&R: teal
(48:47 / Allies) A&R: can u have+
(48:51 / Allies) A&R: ur tiny hall?
(48:57 / Allies) A&R: from am?
(49:00 / Allies) u4lliki: no
(49:04 / Allies) A&R: to mass hipps
(49:07 / Allies) u4lliki: actually
(49:11 / Allies) u4lliki: I'll trade it for runed bracer
(49:14 / Allies) A&R: k
(49:17 / Allies) A&R: deal
(49:35 / Allies) u4lliki: runed bracer first, I'll give greater healing pot too
(49:45 / Allies) A&R: thx
(50:24 / All) Iconless: u wanna troll and take the fun part of me ? =)
(50:41 / All) WingsRedemption: Speak English, esse
(52:00 / All) u4lliki: I bet amulet of spell shield and runed bracer are sweet together
(52:03 / All) u4lliki: too bad no one to use them on
(52:05 / All) WingsRedemption: Yep, just another rough day at the office
(52:18 / All) Iconless: not leaving bro sry rofl
(52:22 / All) u4lliki: good
(52:26 / All) Iconless: u both will have to clear wintrade
(52:30 / All) WingsRedemption: Good news everyone
(52:33 / All) u4lliki: we have better plans in mind
(52:43 / All) u4lliki: we're going to kill everything including our own units and leave only buildings
(52:44 / All) Iconless: otherwise i reached my goal
(52:46 / All) WingsRedemption: Our company, Win Repo Men INC, is offering a special raffle
(52:49 / All) u4lliki: you can leave your pcs on all night for win
(52:52 / All) u4lliki: sound fair? mexican standoff
(52:53 / All) Iconless: which is make u lose time for one single win
(52:55 / All) WingsRedemption: It's called the "MEXICAN STANDOFF SPECIAL EXTRAVAGANZA"
(53:05 / All) Iconless: while another 2345 games are being played nicely
(53:07 / All) Iconless: =)
(53:12 / All) WingsRedemption: See we're going to leave each team with no way to win by force so the only way to win
(53:13 / All) Iconless: take your time buddy
(53:15 / All) WingsRedemption: is if the other team leaves
(53:19 / All) Iconless: take your time chill bro
(53:20 / All) WingsRedemption: Now doesn't that sound like a good time?
(53:32 / All) Iconless: im not planning on playing anymore games tonight
(53:38 / All) Iconless: so i will keep you both here
(53:39 / All) u4lliki: we're killing everything including our own units
(53:42 / All) Iconless: for your buddy to win
(53:47 / All) u4lliki: time for your heroes to die green
(53:53 / All) A&R: boring
(53:54 / All) u4lliki: I'll kill mine too don't worry
(54:11 / All) WingsRedemption: Ah
(54:12 / All) WingsRedemption: There you are!
(54:17 / All) WingsRedemption: Thank you!
(54:22 / All) u4lliki: Pink will you leave your PC on all night for this win??
(54:43 / Allies) u4lliki: yo pink
(54:44 / Allies) u4lliki: you there?
(54:50 / Allies) Iridesence: ?
(55:03 / Allies) u4lliki: will you leave your PC on all night for the win? me and yel going to kill everything including our own units
(55:07 / Allies) u4lliki: you vs blue and purp
(55:17 / Allies) u4lliki: sound good?
(55:19 / Allies) Iridesence: why do this tho xD
(55:23 / Allies) u4lliki: for fun
(55:35 / Allies) u4lliki: you up for mexican standoff?
(55:49 / Allies) u4lliki: dude
(55:53 / Allies) u4lliki: you up for it?
(56:09 / Allies) Iridesence: i could be...
(56:17 / Allies) u4lliki: good
(56:19 / Allies) u4lliki: make me proud
(56:21 / Allies) u4lliki: and kick their ass
(56:25 / Allies) u4lliki: I'm rooting for you
(56:32 / Allies) Iridesence: did you and yellow plan this?
(56:35 / Allies) u4lliki: yes
(56:44 / Allies) Iridesence: what if you were on the same team?
(56:51 / Allies) u4lliki: we usually just leave if we get same team
(56:54 / Allies) u4lliki: sometimes we stay and play normally
(57:11 / Allies) Iridesence: ah
(58:44 / All) WingsRedemption: Change of plans, pink found the "golden ticket" another special our company is running
(58:49 / All) WingsRedemption: That means he gets an automatic win!
(58:56 / All) WingsRedemption: Everyone clap for pink, he has earned it
(58:57 / All) Iridesence: "
(58:57 / Allies) u4lliki: actually it's your lucky day, his team is big dumbos so you get the win
(59:02 / All) Iridesence: what
(59:11 / All) WingsRedemption: Yep, you found the golden ticket! What a lucky boy you are
(59:12 / All) u4lliki: You win pink, it's your luky day, no standoff needed
(61:33 / All) WingsRedemption: Last building, say team what's on your minds?
(61:48 / All) WingsRedemption: I'll tell you what's on mine: INTENSE. The life of a repo man is always intense!
(62:14 / All) WingsRedemption: Well I guess they have nothing to sya for themselves
(62:24 / All) WingsRedemption: Message to Blizzard: JUST DOING MY JOB, MA'AM!